Map: Blackpink LE

Players

Kozzy - Winner!

  • Race: Protoss Protoss
  • League: Gold
  • Spawn Location: 7:00

FreakyKoala

  • Race: Protoss Protoss
  • League: Gold
  • Spawn Location: 1:00

VOD

Have the link to the VOD?

Description

Time

  • Played on: April 4, 2018, 12:35 p.m.
  • Length: 8:17
Show
View Real Time Build Order
Export as new Build Order

Kozzy Protoss - Winner!

Build Orders:  

Get SALT Encoding   

  12  0:01  Probe  
  13  0:13  Probe  
  14  0:19  Pylon  
  14  0:25  Probe  
  15  0:37  Probe (Chrono Boost)  
  15  0:41  Gateway  
  17  0:50  Probe (Chrono Boost), Assimilator  
  17  0:55  Probe (Chrono Boost)  
  18  1:00  Assimilator  
  19  1:04  Probe  
  19  1:16  Probe  
  20  1:25  Pylon  
  20  1:38  Cybernetics Core  
  20  1:46  Forge  
  20  1:49  Probe (Chrono Boost)  
  21  1:59  Probe (Chrono Boost)  
  22  2:04  Probe (Chrono Boost)  
  23  2:13  Gateway  
  23  2:20  Probe, Protoss Ground Weapons Level 1 (Chrono Boost)  
  23  2:21  Stalker (Chrono Boost)  
  23  2:22  Warp Gate  
  26  2:33  Pylon  
  25  2:53  Photon Cannon, Shield Battery  
  25  2:57  Pylon  
  25  3:05  Stalker  
  27  3:21  Gateway  
  27  3:23  Pylon  
  27  3:43  Pylon  
  27  3:46  Stalker  
  29  4:05  Shield Battery  
  31  4:14  Pylon  
  29  4:27  Stalker  
  29  4:30  Stalker x2  
  35  4:40  Gateway  
  34  5:08  Photon Cannon  
  34  5:30  Stalker x2  
  34  5:31  Stalker  
  40  5:38  Stalker  
  38  5:54  Stalker x2  
  38  5:55  Stalker  
  44  6:00  Twilight Council  
  42  6:35  Stalker x4  
  36  7:12  Stalker x3  
  36  7:13  Stalker  
  36  7:50  Stalker x4  
Show
View Real Time Build Order
Export as new Build Order

FreakyKoala Protoss 

Build Orders: Oracle Opening 

Get SALT Encoding   

  12  0:01  Probe (Chrono Boost)  
  13  0:10  Probe (Chrono Boost)  
  14  0:19  Pylon  
  14  0:21  Probe  
  15  0:37  Gateway  
  15  0:38  Probe  
  16  0:49  Assimilator  
  16  0:50  Probe  
  17  1:03  Probe  
  18  1:04  Assimilator  
  18  1:15  Probe  
  19  1:35  Probe  
  19  1:39  Cybernetics Core  
  20  1:42  Pylon  
  21  1:47  Probe  
  21  1:59  Probe  
  22  2:11  Probe  
  22  2:14  Nexus  
  23  2:20  Adept (Chrono Boost)  
  25  2:35  Probe  
  26  2:46  Warp Gate (Chrono Boost)  
  26  2:47  Probe, Gateway  
  27  2:56  Stargate  
  27  3:03  Pylon  
  27  3:06  Stalker  
  29  3:19  Probe (Chrono Boost)  
  30  3:29  Probe (Chrono Boost)  
  30  3:30  Robotics Facility  
  31  3:37  Oracle (Chrono Boost)  
  34  3:47  Stalker  
  36  3:49  Probe  
  37  3:58  Shield Battery  
  37  4:02  Probe  
  38  4:05  Pylon, Stalker  
  38  4:09  Probe  
  41  4:14  Probe  
  42  4:18  Observer (Chrono Boost)  
  42  4:21  Probe  
  44  4:26  Probe  
  45  4:33  Probe  
  45  4:38  Probe  
  47  4:50  Probe  
  48  4:53  Immortal (Chrono Boost)  
  52  5:04  Adept  
  52  5:05  Adept  
  56  5:11  Shield Battery  
  56  5:13  Pylon  
  56  5:17  Probe, Assimilator  
  57  5:29  Probe  
  58  5:36  Observer  
  59  5:43  Forge  
  59  5:54  Pylon  
  59  6:06  Pylon x2  
  59  6:10  Gateway  
  59  6:11  Immortal (Chrono Boost)  
  59  6:24  Adept x2  
  57  6:59  Stalker x2  
  53  7:05  Immortal (Chrono Boost)  
  48  7:18  Void Ray  
  52  7:29  Stalker x2  
  48  7:37  Observer (Chrono Boost)  
Tags
 
League
GoldGold
Matchup
PvP
Spawn Locations
Cross Positions
Add a new tag
Caveats
  • Supply blocks, unpowered buildings, or Contaminate may cause inaccurate times.
  • Supply counts are checked every 10 seconds.